 Dungeon Crawl Stone Soup version 0.25-a0-634-gd1561dc703 (webtiles) character file.

Game seed: 16663423171992483108, levelgen mode: deterministic

4 An17 the Twirler (level 1, 11/11 HPs)
             Began as a Vine Stalker Gladiator on Mar 20, 2020.
             Got out of the dungeon alive.
             The game lasted 00:00:35 (112 turns).

An17 the Twirler (Vine Stalker Gladiator)            Turns: 112, Time: 00:00:35

Health: 11/11      AC:  4    Str: 16    XL:     1   Next: 60%
Magic:  2/2        EV: 12    Int:  8    God:
Gold:   0          SH:  0    Dex: 15    Spells: 0/0 levels left

rFire    . . .     SeeInvis .   a - +0 quarterstaff
rCold    . . .     Gourm    .   (shield currently unavailable)
rNeg     . . .     Faith    .   b - +0 leather armour
rPois    .         Spirit   +   c - +0 helmet
rElec    .         Reflect  .   (no cloak)
rCorr    .         Harm     .   (no gloves)
MR       .....                  (no boots)
Stlth    +.........             (no amulet)
HPRegen  0.03/turn              (no ring)
MPRegen  0.08/turn              (no ring)

@: no status effects
A: fangs 2, magic shield, antimagic bite, no potion heal 3, rot immunity
a: no special abilities


You escaped.
You were not hungry.

You visited 1 branch of the dungeon, and saw 1 of its levels.

Inventory:

Hand Weapons
 a - a +0 quarterstaff (weapon)
Missiles
 d - 3 throwing nets (quivered)
Armour
 b - a +0 leather armour (worn)
 c - a +0 helmet (worn)
Scrolls
 e - a scroll of identify {unknown}
 g - a scroll of teleportation {unknown}
Comestibles
 f - a ration


   Skills:
 + Level 1.8 Fighting
 + Level 2.8 Staves
 + Level 1.8 Throwing
 + Level 2.5 Dodging


You couldn't memorise any spells.
You didn't know any spells.
Your spell library was empty.

Dungeon Overview and Level Annotations

Branches:
Dungeon (1/15)

Altars:


Innate Abilities, Weirdness & Mutations

You have extremely sharp teeth.
When hurt, damage is shared between your health and your magic reserves.
Your bite disrupts and absorbs the magic of your enemies.
Potions cannot restore your health.
You are immune to rotting.


Message History

e - a scroll labeled HYGACIL ZUVI A jackal comes into view.
You see here 19 arrows.
g - a scroll labeled INAJIJ MOOTEMEPP You open the door.
There is an open door here.
There is an open door here.
You see here a goblin corpse.
There is an open door here.
The orc shouts!
The troll shouts!
The naga shouts!
The dwarf shouts!
The demigod shouts!
The human shouts!
The felid hisses angrily.
The ogre shouts!
The octopode shouts!
The spriggan shouts!
There is an open door here.
There is a staircase leading out of the dungeon here.
Are you sure you want to leave the Dungeon?
This will make you lose the game!
You have escaped!

###.###
#i#.#6#
###.###
#Q#.#.#
###.###
#e#.#M#
###'###
#...#
#.@.#
#####


There were no monsters in sight!

Vanquished Creatures
  3 goblins (D:1)
3 creatures vanquished.

Notes
Turn   | Place    | Note
-------+----------+-------------------------------------------
     0 | D:1      | An17 the Vine Stalker Gladiator began the quest for the
                  | Orb.
     0 | D:1      | Reached XP level 1. HP: 11/11 MP: 2/2
     2 | D:1      | Noticed an elf
     4 | D:1      | Noticed a tengu
     6 | D:1      | Noticed a spriggan
     6 | D:1      | Noticed a demonspawn
     8 | D:1      | Noticed an octopode
     8 | D:1      | Noticed a draconian
    10 | D:1      | Noticed a halfling
    10 | D:1      | Noticed an ogre
    12 | D:1      | Noticed a human
    12 | D:1      | Noticed a felid
    14 | D:1      | Noticed a demigod
    14 | D:1      | Noticed a formicid
    16 | D:1      | Noticed a gargoyle
    16 | D:1      | Noticed a vampire
    18 | D:1      | Noticed a ghoul
    18 | D:1      | Noticed a vine stalker
    20 | D:1      | Noticed a naga
    20 | D:1      | Noticed a dwarf
    22 | D:1      | Noticed a troll
    22 | D:1      | Noticed a minotaur
    24 | D:1      | Noticed a centaur
    26 | D:1      | Noticed a merfolk
   112 | D:$      | Got out of the dungeon alive.

Levels and vault maps discovered:
D:1:      kb_arrival_jail, layout_basic

Action                   || total
-------------------------++-------
Melee: Quarterstaff      ||     6
       Bite              ||     1
Armor: Leather armour    ||     4
Dodge: Dodged            ||     5

Table legend:
 A = Non-vault XP
 B = Vault XP
 C = Vault XP percentage of total XP
 D = Non-vault monster count
 E = Vault monster count
 F = Vault count percentage of total count
                 A         B        C        D         E       F
            +---------+---------+-------+---------+---------+-------
      Total |       6 |       0 |   0.0 |       3 |       0 |   0.0
            +---------+---------+-------+---------+---------+-------
        D:1 |       6 |       0 |   0.0 |       3 |       0 |   0.0
            +---------+---------+-------+---------+---------+-------
